 Dungeon Crawl Stone Soup version 0.28.0-53-g5a82cb258f (webtiles) character file.

Game seed: 11425058545137255397

162 styxcanada the Covert (level 5, 0/26 HPs)
             Began as a Spriggan Brigand on Aug 6, 2022.
             Slain by a gnoll
             ... wielding a +0 flail
              (3 damage)
             ... on level 2 of the Dungeon.
             The game lasted 00:07:53 (1904 turns).

styxcanada the Covert (Spriggan Brigand)            Turns: 1904, Time: 00:07:53

Health: 0/26       AC:  3    Str:  7    XL:     5   Next: 19%
Magic:  6/6        EV: 18    Int: 13    God:
Gold:   46         SH:  0    Dex: 24    Spells: 4/4 levels left

rFire   . . .      SeeInvis +   a - +2 dagger
rCold   . . .      Faith    .   (no shield)
rNeg    . . .      Spirit   .   b - +0 robe
rPois   .          Reflect  .   (helmet restricted)
rElec   .          Harm     .   c - +0 cloak
rCorr   .          Rampage  .   (gloves unavailable)
Will    +....                   (boots unavailable)
Stlth   ++++......              k - amulet of regeneration
HPRegen 0.88/turn               f - ring of willpower
MPRegen 0.10/turn               m - +6 ring of dexterity

@: very quick
A: very small, no large weapons, unfitting armour, see invisible, speed 3
a: no special abilities


You were on level 2 of the Dungeon.
You visited 1 branch of the dungeon, and saw 2 of its levels.

You collected 46 gold pieces.

Inventory:

Hand Weapons
 a - a +2 dagger (weapon)
 j - a +0 hunting sling
Missiles
 d - 14 poisoned darts (quivered)
 e - 2 curare-tipped darts
 l - 94 stones
 n - 2 throwing nets
Armour
 b - a +0 robe (worn)
 c - a +0 cloak (worn)
Jewellery
 f - a ring of willpower (left hand)
 k - an amulet of regeneration (around neck)
 m - a +6 ring of dexterity (right hand)
Scrolls
 h - a scroll of noise {unknown}
 p - a scroll of enchant armour {unknown}
 q - a scroll of vulnerability {unknown}
Potions
 i - 2 potions of flight
 r - a potion of brilliance
 s - a potion of heal wounds
 t - 2 potions of resistance {unknown}


   Skills:
 * Level 2.2 Fighting
 + Level 2.9 Short Blades
 + Level 0.2(1.6) Slings
 + Level 2.2 Throwing
 * Level 2.8 Dodging
 * Level 8.2 Stealth


You had 4 spell levels left.
You didn't know any spells.
Your spell library contained the following spells:

 Spells                   Type           Power      Damage    Failure   Level
 Ozocubu's Armour         Ice            0%         N/A       67%         3
 Ozocubu's Refrigeration  Ice            0%         4d5       100%        7


Dungeon Overview and Level Annotations

Branches:
Dungeon (2/15)

Altars:

Shops:
D:1 :


Innate Abilities, Weirdness & Mutations

You are very small and have problems with some larger weapons.
You are too small for most types of armour.
You have supernaturally acute eyesight. (SInv)
You cover ground extremely quickly. (Speed+++)


Message History

You barely miss the gnoll. The gnoll misses you.
You hit the gnoll but do no damage. The gnoll barely misses you.
You hit the gnoll.
The gnoll is lightly wounded.
The gnoll misses you.
You barely miss the gnoll.
The gnoll is lightly wounded.
The gnoll hits you but does no damage.
You hit the gnoll.
The gnoll is moderately wounded.
You hit the gnoll.
The gnoll is moderately wounded.
The gnoll completely misses you.
You hit the gnoll.
The gnoll is heavily wounded.
The gnoll closely misses you.
You hit the gnoll.
The gnoll is severely wounded.
The gnoll hits you with a +0 spear.
You hit the gnoll.
The gnoll is severely wounded.
The gnoll completely misses you.
You hit the gnoll but do no damage.
The gnoll is severely wounded.
The gnoll hits you with a +0 spear.
You hit the gnoll.
You kill the gnoll!
You hit the gnoll.
The gnoll is lightly wounded.
The gnoll hits you with a +0 flail!
The gnoll hits you from afar with a +0 spear.
You hit the gnoll.
The gnoll is moderately wounded.
The gnoll closely misses you.
The gnoll hits you from afar with a +0 spear!
* * * LOW HITPOINT WARNING * * *
You closely miss the gnoll.
The gnoll is moderately wounded.
The gnoll hits you with a +0 flail.
You die...

.#
##.#.#..#.##<
#.# .#
#..#.#..#.###
#.# .#
#.##....#.#
#.# .#
#.#####.#.#
#.# .#
#.......#.#
#.# ##
#########.#
#.# #!# ###
#.# #@# #g#
#g# #.# #..
###


You could see 2 gnolls.

Vanquished Creatures
  Jessica (D:2)
  Terence (D:2)
  Robin (D:2)
  2 adders (D:2)
  2 gnolls (D:2)
  A dart slug (D:1)
  3 endoplasms (D:2)
  4 giant cockroaches
  11 goblins
  9 hobgoblins
  2 jackals (D:1)
  3 quokkas
  3 ball pythons (D:1)
  5 bats
  4 frilled lizards (D:1)
  3 kobolds
  6 rats
61 creatures vanquished.

Notes
Turn   | Place    | Note
-------+----------+-------------------------------------------
     0 | D:1      | styxcanada the Spriggan Brigand began the quest for the
                  | Orb.
     0 | D:1      | Reached XP level 1. HP: 10/10 MP: 2/2
    26 | D:1      | Reached skill level 6 in Stealth
   135 | D:1      | Reached XP level 2. HP: 4/14 MP: 3/3
   454 | D:1      | Found Wumiweos's Book Boutique.
   568 | D:1      | Reached skill level 7 in Stealth
   887 | D:2      | Noticed Robin
   925 | D:2      | Killed Robin
   926 | D:2      | Reached XP level 3. HP: 18/18 MP: 4/4
   939 | D:2      | Noticed Terence
   995 | D:2      | Reached XP level 4. HP: 23/23 MP: 5/5
  1142 | D:2      | Killed Terence
  1707 | D:2      | Noticed Jessica
  1729 | D:2      | Killed Jessica
  1730 | D:2      | Reached skill level 8 in Stealth
  1730 | D:2      | Reached XP level 5. HP: 26/26 MP: 6/6
  1904 | D:2      | Slain by a gnoll

Illustrated notes

Levels and vault maps discovered:
D:1:      minmay_arrival_plants_in_alcoves, layout_rooms, serial_shops,
          nicolae_shop_stone
D:2:      layout_basic, serial_curves, eino_curves_03, eino_curves_04,
          eino_curves_02, eino_curves_03, uniq_jessica, uniq_robin, uniq_terence

Skill      XL: |  1  2  3  4 |
---------------+-------------+-----
Stealth        | 6 7 8 |  8.2
Dodging        | 2 |  2.8
Fighting       | 2 |  2.2
Short Blades   | |  2.9
Slings         | |  0.2
Throwing       | |  2.2

Action                   |  1- 3 |  4- 6 || total
-------------------------+-------+-------++-------
Melee: Dagger            |    91 |    80 ||   171
       Punch             |     1 |     1 ||     2
 Fire: Hunting sling     |       |     4 ||     4
Throw: Dart              |    16 |    11 ||    27
       Stone             |       |     1 ||     1
  Use: Scroll            |       |     4 ||     4
 Stab: Sleeping          |    11 |     6 ||    17
       Distracted        |       |     1 ||     1
Armor: Robe              |    14 |     6 ||    20
Dodge: Dodged            |    56 |    54 ||   110
